 Dungeon Crawl Stone Soup version 0.29.0-4-gdea44cf6ec (webtiles) character file.

Game seed: 10070082551931569959

92 qw the Chopper (level 4, -5/26 HPs)
             Began as a Tengu Warper on Aug 28, 2022.
             Was an Initiate of Okawaru.
             Slain by Sigmund
             ... wielding a +0 scythe
              (9 damage)
             ... on level 3 of the Dungeon.
             The game lasted 00:00:10 (2916 turns).

qw the Chopper (Tengu Warper)                       Turns: 2916, Time: 00:00:11

Health: -5/26      AC:  3    Str: 14    XL:     4   Next: 60%
Magic:  8/8        EV: 12    Int: 13    God:    Okawaru [......]
Gold:   132        SH:  0    Dex: 13    Spells: 7/7 levels left

rFire   . . .      SeeInvis .   Y - +1 war axe
rCold   . . .      Faith    .   (no shield)
rNeg    . . .      Spirit   .   b - +0 leather armour
rPois   .          Reflect  .   (helmet restricted)
rElec   .          Harm     .   (no cloak)
rCorr   .          Rampage  .   (no gloves)
Will    .....                   (boots unavailable)
Stlth   +.........              (no amulet)
HPRegen 0.08/turn               (no ring)
MPRegen 0.11/turn               (no ring)

@: confused
A: beak, talons 3
a: Renounce Religion


You were on level 3 of the Dungeon.
You worshipped Okawaru.
Okawaru was noncommittal.
You visited 1 branch of the dungeon, and saw 3 of its levels.

You collected 132 gold pieces.


Innate Abilities, Weirdness & Mutations

You have a beak for a mouth.
You have claws for feet.


   Skills:
 - Level 2.0 Fighting
 + Level 5.1 Axes
 - Level 1.0 Throwing
 - Level 1.1 Armour
 - Level 2.1 Dodging
 - Level 2.0 Spellcasting
 - Level 2.4 Translocations


You had 7 spell levels left.
You didn't know any spells.
Your spell library contained the following spells:

 Spells                   Type           Power      Damage    Failure   Level
 Blink                    Tloc           14%        N/A       19%         2
 Gell's Gravitas          Tloc           7%         N/A       34%         3
 Lesser Beckoning         Tloc           7%         N/A       34%         3
 Teleport Other           Tloc           7%         N/A       34%         3
 Manifold Assault         Tloc           7%         N/A       97%         5

Inventory:

Hand Weapons
 d - a +2 mace of protection
 Y - a +1 war axe (weapon)
Armour
 b - a +0 leather armour (worn)
Scrolls
 a - a scroll of butterflies {unknown}
 g - a scroll of enchant armour
 m - 2 scrolls of identify
Potions
 c - a potion of lignification {unknown}
 e - a potion of haste {unknown}
 f - 2 potions of heal wounds {unknown}
 h - 2 potions of curing {unknown}
 j - a potion of degeneration {unknown}
 l - a potion of brilliance {unknown}
 n - a potion of attraction {unknown}

Dungeon Overview and Level Annotations

Branches:
Dungeon (3/15)

Altars:
Okawaru

Shops:
D:2 =

Annotations:
D:3 Sigmund


Message History

Sigmund and a hobgoblin come into view.
Sigmund shouts!
The hobgoblin shouts!
Sigmund hits you from afar with a +0 scythe.
Sigmund points at you and mumbles some strange words.
The magic dart hits you.
You barely miss Sigmund. You claw Sigmund. Your peck misses Sigmund.
Sigmund is lightly wounded.
Sigmund closely misses you.
You closely miss Sigmund. Your kick misses Sigmund. Your peck misses Sigmund.
Sigmund is lightly wounded.
The hobgoblin hits you. Sigmund barely misses you.
You barely miss Sigmund. Your peck misses Sigmund.
Sigmund is lightly wounded.
You hit the hobgoblin.
You kill the hobgoblin!
Okawaru accepts your kill.
You slash Sigmund! You claw Sigmund, but do no damage.
Sigmund is heavily wounded.
Sigmund breathes a few words.
Sigmund's hands start flickering wildly.
Sigmund hits you with a +0 scythe.
A jackal comes into view.
You barely miss Sigmund.
Sigmund is heavily wounded.
Sigmund hits you with a +0 scythe.
You hit Sigmund but do no damage.
Sigmund is heavily wounded.
Sigmund gestures at you while chanting. The puff of flame misses you.
You closely miss Sigmund. Your kick misses Sigmund.
You peck Sigmund, but do no damage.
Sigmund is heavily wounded.
Sigmund points at you and mumbles some strange words.
The puff of flame hits you!
You closely miss Sigmund.
Sigmund is heavily wounded.
Sigmund gestures at you while chanting.
You are confused.
Sigmund hits you with a +0 scythe!
You die...

##.####.###.# #. ..#
#.# #.# ## #.# #.# #.#
# #.# ##.# #.#######
#.# #..# #........ ##.#
#.## ######### #..# #.#
#%@# #.#
#.###.@###.############
..................##...
.###.#.###..#####<##.##
##..###............#
#.....<.###.......#
#..##.............##
....................
.####.#.####.###.#.##
#.#.# #.....#.#


You could see Sigmund.

Vanquished Creatures
  3 gnolls (D:2)
  2 adders (D:2)
  A worm (D:2)
  A dart slug (D:1)
  8 endoplasms
  A giant cockroach (D:3)
  2 goblins
  3 hobgoblins
  2 quokkas (D:2)
  6 ball pythons
  6 bats
  2 frilled lizards
  A kobold (D:1)
  4 rats
42 creatures vanquished.

Vanquished Creatures (others)
  3 plants (D:2)
3 creatures vanquished.

Grand Total: 45 creatures vanquished

Notes
Turn   | Place    | Note
-------+----------+-------------------------------------------
     0 | D:1      | qw the Tengu Warper began the quest for the Orb.
     0 | D:1      | Reached XP level 1. HP: 12/12 MP: 4/4
     0 | D:1      | 0 ||| qw: Version: 0.1-a-89-g26bdef1
     0 | D:1      | 0 ||| qw: Game counter: 3378
     0 | D:1      | 0 ||| qw: Always use a shield: true
     0 | D:1      | 0 ||| qw: God list: Okawaru
     0 | D:1      | 0 ||| qw: Allow faded altars: false
     0 | D:1      | 0 ||| qw: Do Orc after D:15 true
     0 | D:1      | 0 ||| qw: Do second Lair branch before Depths: true
     0 | D:1      | 0 ||| qw: Lair rune preference: random
     0 | D:1      | 0 ||| qw: Plans: Normal
     0 | D:1      | 0 ||| PLANNING D:1-11
   245 | D:1      | Found a faded altar of an unknown god.
   415 | D:1      | 415 ||| DROPPING +0 mace.
   461 | D:1      | Reached XP level 2. HP: 17/17 MP: 6/6
   510 | D:1      | Reached skill level 3 in Axes
   846 | D:1      | 846 ||| READING scroll labelled LOCZER UGAFU.
   850 | D:1      | 850 ||| READING scroll labelled DECZAV UR FEKK.
   851 | D:1      | 851 ||| READING scroll labelled NOYTAV OWIOM.
   852 | D:1      | 852 ||| READING scroll labelled PUKOPP RYIM.
   853 | D:1      | 853 ||| DROPPING scroll of blinking.
   900 | D:2      | 900 ||| SWAPPING to +0 war axe.
   901 | D:2      | 901 ||| DROPPING +0 hand axe.
  1064 | D:2      | Reached XP level 3. HP: 15/21 MP: 7/7
  1215 | D:2      | Reached skill level 4 in Axes
  1320 | D:2      | Found an iron altar of Okawaru.
  1328 | D:2      | Became a worshipper of Warmaster Okawaru
  1787 | D:2      | Found Xuzown's Jewellery Boutique.
  1792 | D:2      | 1792 ||| SHOPLISTING +4 ring of evasion (396 gold, have
                  | 115).
  1792 | D:2      | 1792 ||| SHOPLISTING +6 ring of dexterity (396 gold, have
                  | 115).
  1792 | D:2      | 1792 ||| SHOPLISTING amulet of reflection (330 gold, have
                  | 115).
  1792 | D:2      | 1792 ||| SHOPLISTING amulet of regeneration (330 gold, have
                  | 115).
  1792 | D:2      | 1792 ||| SHOPLISTING ring of poison resistance (220 gold,
                  | have 115).
  1801 | D:2      | 1801 ||| Stepping ~*~*~tactically~*~*~ (hiding).
  1811 | D:2      | Reached XP level 4. HP: 9/26 MP: 8/8
  1815 | D:2      | Reached skill level 5 in Axes
  2084 | D:2      | 2084 ||| Stepping ~*~*~tactically~*~*~ (stealth).
  2089 | D:2      | 2089 ||| Stepping ~*~*~tactically~*~*~ (stealth).
  2314 | D:2      | 2314 ||| READING scroll labelled AHE QAOHAI.
  2315 | D:2      | 2315 ||| READING scroll labelled RULOTSA PUGU.
  2462 | D:2      | 2462 ||| READING scroll labelled FYPPOS JOEM.
  2463 | D:2      | 2463 ||| READING scroll labelled SOLEUF LOHY.
  2464 | D:2      | 2464 ||| DRINKING 2 smoky sapphire potions.
  2569 | D:2      | 2569 ||| DROPPING potion of berserk rage.
  2868 | D:3      | 2868 ||| Stepping ~*~*~tactically~*~*~ (stealth).
  2907 | D:3      | Noticed Sigmund
  2915 | D:3      | HP: 4/26 [Sigmund/puff of flame (7)]
  2916 | D:3      | Slain by Sigmund

Levels and vault maps discovered:
D:1:      evilmike_arrival_rings, layout_basic, shapermc_ecumenical_altar_gd,
          hex_large
D:2:      layout_loops_corners, basic_altar, serial_shops, shop,
          serial_bayou_pond_a, grunt_ministairs_8
D:3:      layout_loops_ring, uniq_sigmund

Skill      XL: |  1  2  3  4 |
---------------+-------------+-----
Axes           | 3 4 5 |  5.1
Fighting       | |  2.0
Throwing       | |  1.0
Armour         | |  1.1
Dodging        | |  2.1
Spellcasting   | |  2.0
Translocations | |  2.4

Action                   |  1- 3 |  4- 6 || total
-------------------------+-------+-------++-------
Melee: Hand axe          |    13 |       ||    13
       Kick              |    19 |     8 ||    27
       Peck              |     5 |     4 ||     9
       War axe           |    42 |    29 ||    71
Throw: Boomerang         |     7 |       ||     7
  Use: Scroll            |     4 |     4 ||     8
       Potion            |       |     1 ||     1
Armor: Leather armour    |    10 |     4 ||    14
Dodge: Dodged            |    25 |    14 ||    39

Table legend:
 A = Non-vault XP
 B = Vault XP
 C = Vault XP percentage of total XP
 D = Non-vault monster count
 E = Vault monster count
 F = Vault count percentage of total count
                 A         B        C        D         E       F
            +---------+---------+-------+---------+---------+-------
      Total |     129 |       3 |   2.3 |      40 |       2 |   4.8
            +---------+---------+-------+---------+---------+-------
        D:1 |      17 |       0 |   0.0 |      10 |       0 |   0.0
        D:2 |      97 |       3 |   3.0 |      21 |       2 |   8.7
        D:3 |      15 |       0 |   0.0 |       9 |       0 |   0.0
            +---------+---------+-------+---------+---------+-------
